 Dungeon Crawl Stone Soup version 0.22.1-2-g9c5b331383 (webtiles) character file.

858 Revguard the Slasher (level 7, -14/57 HPs)
             Began as a Demonspawn Gladiator on Dec 2, 2018.
             Demolished by an orc warrior
             ... wielding a +0 halberd
              (25 damage)
             ... on level 5 of the Dungeon.
             The game lasted 00:15:41 (3919 turns).

Revguard the Slasher (Demonspawn Gladiator)         Turns: 3919, Time: 00:15:42

Health: -14/57     AC:  8    Str: 15    XL:     7   Next: 71%
Magic:  7/7        EV: 14    Int:  9    God:
Gold:   142        SH:  0    Dex: 16    Spells: 6/6 levels left

rFire    . . .     SeeInvis .   j - +1 falchion (freeze)
rCold    . . .     Gourm    .   (no shield)
rNeg     . . .     Faith    .   m - +0 troll leather armour {Purgy}
rPois    .         Spirit   .   e - +1 helmet
rElec    .         Reflect  .   (no cloak)
rCorr    .         Harm     .   o - +0 pair of gloves
MR       .....     Rnd*Rage +   h - +0 pair of boots
Stlth    +++.......             (no amulet)
HPRegen  0.59/turn              (no ring)
MPRegen  0.10/turn              (no ring)

@: no status effects
A: claws 1, berserk 1, nightstalker 1, robust 1, wild magic 1
a: no special abilities


You were on level 5 of the Dungeon.
You were not hungry.

You visited 1 branch of the dungeon, and saw 5 of its levels.

You collected 142 gold pieces.

Inventory:

Hand Weapons
 a - a +1 long sword
 j - a +1 falchion of freezing (weapon)
Missiles
 d - 3 throwing nets (quivered)
Armour
 b - a +0 leather armour
 c - a +0 helmet
 e - a +1 helmet (worn)
 h - a +0 pair of boots (worn)
 m - a +0 troll leather armour (worn) {Purgy}
 o - a +0 pair of gloves (worn)
Jewellery
 k - an uncursed ring of teleportation
 n - a -3 ring of evasion
Wands
 r - a wand of iceblast (6)
 t - a wand of enslavement (2)
Scrolls
 g - 2 scrolls of teleportation
 i - 2 scrolls of remove curse
 p - a scroll of fear {unknown}
 w - a scroll of identify
Potions
 l - a potion of brilliance
 s - a potion of berserk rage {unknown}
 u - a potion of might {unknown}
 v - 3 potions of haste {unknown}
Comestibles
 f - 8 rations


   Skills:
 + Level 3.5 Fighting
 + Level 5.4 Long Blades
 - Level 1.7 Throwing
 + Level 2.7 Armour
 + Level 4.0 Dodging
 * Level 4.1 Stealth


You had 6 spell levels left.
You didn't know any spells.
Your spell library contained the following spells:

 Spells                   Type           Power        Failure   Level  Hunger
 Confusing Touch          Hex            #.....       54%         1    ##.....
 Confuse                  Hex            #.......     88%         3    ####...
 Gell's Gravitas          Tloc           #.........   88%         3    ####...
 Petrify                  Tmut/Erth      #.......     99%         4    #####..
 Metabolic Englaciation   Hex/Ice        #.........   100%        5    ######.
 Yara's Violent Unravell  Hex/Tmut       #.........   100%        5    ######.


Dungeon Overview and Level Annotations

Branches:
Dungeon (5/15)
 Temple: D:4-7

Altars:
Sif Muna
Wu Jian
Xom
Yredelemnul


Innate Abilities, Weirdness & Mutations

You have sharp fingernails.
You are slightly more attuned to the shadows.
You tend to lose your temper in combat.
You are robust. (+10% HP)
Your spells are a little harder to cast, but a little more powerful.


Message History

The orc warrior is heavily wounded.
The orc warrior hits you with a halberd!
* * * LOW HITPOINT WARNING * * *
You completely miss the orc warrior.
The orc warrior is heavily wounded.
The orc warrior closely misses you.
You riposte.
You closely miss the orc warrior.
The orc warrior is heavily wounded.
You closely miss the orc warrior.
The orc warrior is heavily wounded.
The orc warrior barely misses you.
You closely miss the orc warrior.
The orc warrior is heavily wounded.
The orc warrior misses you.
You hit the orc warrior but do no damage.
The orc warrior is heavily wounded.
You hit the orc warrior but do no damage.
The orc warrior is heavily wounded.
The orc warrior hits you with a halberd!!
You die...

.............#
...........[.#
.............#
#########....##......#
..##...##....##......#
..#.....'............#
..#.....#............#
..'.....#.......o)...#
..#....##.......@....#
###....##....##..))..#
#......#....#####'###
#......#............#
#......#............#
#......#............#
#####################


You could see an orc warrior.

Vanquished Creatures
  Eustachio (D:4)
  Purgy (D:3)
  An ogre (D:4)
  A howler monkey (D:4)
  2 crimson imps (D:5)
  A jelly (D:5)
  6 worker ants
  4 gnolls (D:4)
  11 adders
  2 adder skeletons (D:4)
  4 worms
  4 dart slugs
  4 leopard geckos
  2 orcs (D:5)
  2 ball pythons
  7 bats
  5 giant cockroaches
  13 goblins
  10 hobgoblins
  5 jackals
  8 kobolds
  3 quokkas
  4 frilled lizards
  A quokka skeleton (D:4)
  11 rats
113 creatures vanquished.

Vanquished Creatures (collateral kills)
  An orc wizard (D:5)
1 creature vanquished.

Grand Total: 114 creatures vanquished

Notes
Turn   | Place    | Note
-------+----------+-------------------------------------------
     0 | D:1      | Revguard the Demonspawn Gladiator began the quest for the
                  | Orb.
     0 | D:1      | Reached XP level 1. HP: 16/16 MP: 1/1
   121 | D:1      | Gained mutation: You are slightly more attuned to the
                  | shadows. [demonic ancestry]
   121 | D:1      | Reached XP level 2. HP: 22/22 MP: 2/2
   122 | D:1      | Reached skill level 3 in Long Blades
   459 | D:1      | Reached XP level 3. HP: 28/28 MP: 3/3
   756 | D:2      | Reached skill level 1 in Stealth
  1018 | D:2      | Reached XP level 4. HP: 33/34 MP: 4/4
  1063 | D:2      | Gained mutation: You tend to lose your temper in combat.
                  | [potion of mutation]
  1063 | D:2      | Gained mutation: Your spells are a little harder to cast,
                  | but a little more powerful. [potion of mutation]
  1063 | D:2      | Gained mutation: You are robust. (+10% HP) [potion of
                  | mutation]
  1360 | D:2      | Reached skill level 1 in Armour
  1696 | D:2      | Reached XP level 5. HP: 42/42 MP: 5/5
  1780 | D:3      | Found a shimmering altar of Xom.
  1977 | D:3      | Found a deep blue altar of Sif Muna.
  2026 | D:3      | Found a basalt altar of Yredelemnul.
  2031 | D:3      | Reached skill level 4 in Long Blades
  2454 | D:3      | Noticed Purgy
  2472 | D:3      | Killed Purgy
  2732 | D:4      | Gained mutation: You have sharp fingernails. [demonic
                  | ancestry]
  2732 | D:4      | Reached XP level 6. HP: 46/50 MP: 6/6
  2752 | D:4      | Noticed Eustachio
  2782 | D:4      | Killed Eustachio
  2811 | D:4      | Found an ornate altar of the Wu Jian Council.
  3174 | D:4      | Reached XP level 7. HP: 57/57 MP: 7/7
  3234 | D:4      | Reached skill level 5 in Long Blades
  3465 | D:5      | Entered Level 5 of the Dungeon
  3919 | D:5      | Demolished by an orc warrior

Skill      XL: |  1  2  3  4  5  6  7 |
---------------+----------------------+-----
Long Blades    | 3 4 5 |  5.4
Dodging        | 3 4 |  4.0
Stealth        | 1 2 4 |  4.1
Armour         | 1 2 |  2.7
Fighting       | 3 |  3.5
Throwing       | |  1.7

Action                   |  1- 3 |  4- 6 |  7- 9 || total
-------------------------+-------+-------+-------++-------
Melee: Long sword        |    95 |   144 |       ||   239
       Falchion          |       |    49 |    75 ||   124
Evoke: Wand              |       |       |     4 ||     4
  Use: Scroll            |       |     6 |     2 ||     8
       Potion            |       |     2 |     1 ||     3
 Stab: Sleeping          |     7 |    12 |     4 ||    23
       Distracted        |       |       |     1 ||     1
  Eat: Chunk             |       |     8 |     2 ||    10
Armor: Leather armour    |    34 |    45 |       ||    79
       Troll leather arm |       |    43 |    14 ||    57
Dodge: Dodged            |    85 |   183 |    53 ||   321
       Rpst.: Long sword |    27 |    41 |       ||    68
       Falchion          |       |    10 |    16 ||    26
